AoeStats
← Ludmintvg

Arena

506540913Analyzed
1v1 RM · 20d ago on Sep 14, 2026· 50m 3s· 2 players
Game mode
Random Map
Map size
Tiny (2 player)
Population
200
Speed
Normal
Resources
Standard
Victory
Conquest
Starting age
Dark Age
Ending age
Imperial Age
RankedLock teamsTeams togetherTeam positionsShared explorationLock speedFull tech treeHidden civsTurbo modeCheats
Victory
Defeat
🇦🇷 Turks · Argentina
865
+16
🇺🇸 Burmese · United States
874
-16
Ludmintvg
7:46 Loom
10:34 Feudal Age
11:18 Double-Bit Axe
16:10 Castle Age
14:37 Horse Collar
17:26 Bow Saw
18:05 Heavy Plow
21:45 Wheelbarrow
23:24 Fletching
30:34 Bodkin Arrow
30:40 Padded Archer Armor
32:52 Murder Holes
35:15 Fortified Wall
40:33 Hand Cart
41:39 Gold Mining
41:41 Stone Mining
42:26 Town Watch
45:33 Imperial Age
IRIISH_HOUND
12:16 Feudal Age
16:19 Castle Age
14:31 Gold Mining
14:43 Padded Archer Armor
39:36 Imperial Age
36:53 Loom
49:55 Howdah
Connection lost

Rejoining the realm…

Still unreachable

The connection could not be restored.

Session expired

The server has moved on; the page needs a fresh start.